 Dungeon Crawl Stone Soup version 0.16-a0-3197-g5046a99 (webtiles) character file.

72 Chiseanne the Ducker (level 4, -9/28 HPs)
             Began as a Halfling Transmuter on Dec 18, 2014.
             Mangled by Crazy Yiuf
             ... wielding a +2 quarterstaff of chaos
              (15 damage)
             ... on level 3 of the Dungeon.
             The game lasted 00:06:42 (2066 turns).

Chiseanne the Ducker (Halfling Transmuter)          Turns: 2066, Time: 00:06:42

Health: -9/28      AC: 13    Str: 11    XL:     4   Next: 50%
Magic:  0/8        EV: 13    Int: 12    God:
Gold:   83         SH:  0    Dex: 14    Spells: 1 memorised, 6 levels left

rFire  . . .     SeeInvis .       - Unarmed
rCold  . . .     Clarity  .     i - +2 ring mail {rN+}
rNeg   + . .     SustAb   .     (no shield)
rPois  .         Gourm    .     (no helmet)
rElec  .         Spirit   .     (no cloak)
rCorr  .         Warding  .     l - +0 pair of gloves
rMut   .         Stasis   .     (boots unavailable)
MR     .....                    (no amulet)
Stlth  +.........               (no ring)
                                f - +5 ring of protection

@: about to teleport, appendage (expiring), not resistant to hostile
enchantments, very unstealthy
A: talons 3, mutation resistance 1
a: End Transformation


You were on level 3 of the Dungeon.
You were not hungry.
You had grown temporary talons.
You visited 1 branch of the dungeon, and saw 3 of its levels.

You collected 83 gold pieces.

Inventory:

Hand weapons
 c - a +2 hunting sling of velocity
Missiles
 b - 12 arrows
 g - 74 bolts
 k - 32 sling bullets
Armour
 i - a +2 ring mail of positive energy (worn)
 l - a +0 pair of gloves (worn)
Jewellery
 e - an uncursed ring of ice
 f - a +5 ring of protection (left hand)
Scrolls
 n - a scroll of magic mapping {unknown}
Potions
 m - a potion of poison {unknown}
Books
 d - a book of Changes

   Spells                             Type                      Level
   a - Beastly Appendage              Transmutation                1
   b - Sticks to Snakes               Transmutation                2
   c - Spider Form                    Transmutation/Poison         3
   d - Ice Form                       Ice/Transmutation            4
   e - Blade Hands                    Transmutation                5
Comestibles
 a - a bread ration
 h - a beef jerky
 j - 2 fruits
 o - 2 chunks of flesh


   Skills:
 * Level 1.1 Fighting
 * Level 1.0 Armour
 - Level 3.0 Dodging
 - Level 2.4 Unarmed Combat
 * Level 2.3 Spellcasting
 * Level 1.7 Transmutations


You had 6 spell levels left.
You knew the following spells:

 Your Spells              Type           Power        Failure   Level  Hunger
a - Beastly Appendage     Trmt           #.....       24%         1    ##.....


Dungeon Overview and Level Annotations

Branches:
Dungeon (3/15)

Altars:

Annotations:
D:3 Crazy Yiuf


Innate Abilities, Weirdness & Mutations

You are small and have problems with some larger weapons.
You are somewhat resistant to further mutation.
You have claws for feet.


Message History

Crazy Yiuf closely misses you.
You hit Crazy Yiuf. Your kick misses Crazy Yiuf.
Crazy Yiuf is heavily wounded.
Crazy Yiuf hits you with a quarterstaff of chaos.
Crazy Yiuf freezes you.
You barely miss Crazy Yiuf.
Crazy Yiuf is heavily wounded.
Crazy Yiuf hits you with a quarterstaff of chaos!
* * * LOW HITPOINT WARNING * * *
You feel your power leaking away.
You barely miss Crazy Yiuf. Your kick misses Crazy Yiuf.
Crazy Yiuf is heavily wounded.
Crazy Yiuf says, "Cards Hive cower!"
Crazy Yiuf hits you but does no damage.
You feel strangely unstable.
You hit Crazy Yiuf. You claw Crazy Yiuf, but do no damage.
Crazy Yiuf is heavily wounded.
Your transformation is almost over.
Crazy Yiuf hits you but does no damage.
You are electrocuted!
Ouch! That really hurt!
You die...

####### ###.#...###
#g@#).....##
#.....####......#
#)).# ##..#..# ###
#####.# #..# #.## .
######### #####.# ...
........ #.....#
....##......####....##


You could see Crazy Yiuf.

Vanquished Creatures
  An adder (D:2)
  A giant mite (D:1)
  3 worms (D:2)
  A giant gecko (D:2)
  2 giant cockroaches
  4 goblins
  5 hobgoblins
  6 jackals
  A kobold (D:2)
  2 quokkas (D:2)
  7 bats
  A rat (D:2)
34 creatures vanquished.

Notes
Turn   | Place    | Note
--------------------------------------------------------------
     0 | D:1      | Chiseanne, the Halfling Transmuter, began the quest for the Orb.
     0 | D:1      | Reached XP level 1. HP: 12/12 MP: 2/2
    64 | D:1      | Reached skill level 1 in Fighting
    64 | D:1      | Reached XP level 2. HP: 15/18 MP: 1/3
   571 | D:1      | Reached XP level 3. HP: 20/23 MP: 1/5
  1250 | D:2      | Reached skill level 3 in Dodging
  1382 | D:2      | Reached XP level 4. HP: 21/28 MP: 5/7
  2018 | D:3      | Reached skill level 1 in Armour
  2057 | D:3      | Noticed Crazy Yiuf
  2066 | D:3      | Mangled by Crazy Yiuf

Action                   |  1- 3 |  4- 6 || total
-------------------------+-------+-------++-------
Melee: Unarmed           |   150 |    76 ||   226
 Cast: Beastly Appendage |    13 |    16 ||    29
  Use: Scroll            |     2 |       ||     2
       Potion            |     1 |       ||     1
  Eat: Fruit             |     2 |       ||     2
       Chunk             |     1 |     3 ||     4
